 Dungeon Crawl Stone Soup version 0.30.1-11-g7821555f0a (webtiles) character file.

Game seed: 7735522019842459798

707 ChrisAssaf the Cutter (level 8, -1/45 (57) HPs)
             Began as a Human Reaver on Dec 7, 2023.
             Was an Initiate of Gozag.
             Slain by a hound (3 damage)
             ... on level 5 of the Dungeon.
             The game lasted 00:12:33 (2052 turns).

ChrisAssaf the Cutter (Human Reaver)                Turns: 2052, Time: 00:12:34

HP:   -1/45 (57)    AC:  5    Str: 13    XL:     8   Next: 0%
MP:   8/12          EV: 11    Int: 15    God:    Gozag
Gold: 145           SH:  0    Dex: 12    Spells: 3/13 levels left

rFire   + . .        a - +0 short sword
rCold   . . .        (no shield)
rNeg    . . .        d - +0 ring mail {Will+}
rPois   .            (no helmet)
rElec   .            (no cloak)
rCorr   .            (no gloves)
SInv    .            (no boots)
Will    +....        (no amulet)
Stlth   +            e - ring of protection from fire
HPRegen 0.27/turn    (no ring)
MPRegen 0.13/turn

%: no passive effects
@: gold aura, very slightly contaminated, heavily drained
A: no striking features
a: Renounce Religion, Potion Petition, Call Merchant, Bribe Branch


You were on level 5 of the Dungeon.
You worshipped Gozag.
Gozag was aware of your devotion.
You visited 1 branch of the dungeon, and saw 5 of its levels.

You collected 190 gold pieces.
You paid 45 gold pieces to Gozag.

Inventory:

Hand Weapons
 a - a +0 short sword (weapon)
Armour
 b - a +0 leather armour
 d - a +0 ring mail of willpower (worn)
Jewellery
 e - a ring of protection from fire (left hand)
Wands
 g - a wand of flame (4)
Potions
 c - a potion of might {unknown}
 f - 2 potions of resistance


   Skills:
 * Level 2.9 Fighting
 * Level 3.9 Short Blades
 * Level 2.7 Armour
 * Level 3.2 Dodging
 * Level 2.2 Stealth
 * Level 3.0 Spellcasting
 * Level 3.9 Conjurations
 * Level 2.0 Necromancy
 * Level 2.1 Translocations
 * Level 1.3 Ice Magic
 * Level 1.7 Evocations


You had 3 spell levels left.
You knew the following spells:

 Your Spells              Type           Power      Damage    Failure   Level
a - Kiss of Death         Conj/Necr      44%        2d8       12%         1
b - Momentum Strike       Conj/Tloc      22%        3d8       19%         2
c - Hailstorm             Conj/Ice       10%        3d5       38%         3
d - Dispel Undead         Necr           8%         3d8       87%         4

Your spell library contained the following spells:

 Spells                   Type           Power      Damage    Failure   Level
 Cigotuvi's Dreadful Rot  Necr/Pois/Air  8%         N/A       43%         2
 Death Channel            Necr           4%         N/A       100%        6


Dungeon Overview and Level Annotations

Branches:
Dungeon (5/15)             Temple (0/1) D:5

Altars:
Gozag
Nemelex Xobeh
Vehumet


Message History

The hound is moderately wounded.
The hound bites you but does no damage. x2
Unknown command.
Aiming: Throw Flame
Press: ? - help, Shift-Dir - straight line, f/p - hound
Aim: a hound (moderately wounded, 60% to hit)
The puff of flame hits the hound.
The hound is severely wounded.
The hound completely misses you.
Unknown command.
Aiming: Throw Flame
Press: ? - help, Shift-Dir - straight line, f/p - hound
Aim: a hound (severely wounded, 60% to hit)
The puff of flame hits the hound.
The hound is almost dead.
The hound bites you but does no damage. x2
Unknown command.
You hit the hound but do no damage.
The hound is almost dead.
You are no longer robbed of momentum.
The hound bites you.
* * * LOW HITPOINT WARNING * * *
You completely miss the hound.
The hound is almost dead.
The hound bites you but does no damage.
You closely miss the hound.
The hound is almost dead.
The hound bites you.
* * * LOW HITPOINT WARNING * * *
Aiming: Momentum Strike (safe; 19% risk of failure)
Press: ? - help, Q - select action, (/) - cycle Dir - move target, f/p - hound
Aim: a hound (almost dead, 56% to hit)
You miscast Momentum Strike.
You are very lightly contaminated with residual magic.
Nothing appears to happen.
The hound bites you.
* * * LOW HITPOINT WARNING * * *
The hound bites you.
You die...
Your body crumbles into a pile of gold.

##).#### #.....# ##........
.......###.....## #.......
.##.#...........#####.......
###.###.....##..............
# #.#####.#.#...............
###.##........#...#.........
.#..##......................
.#.###....[...#####.##......
.#.# #.#..<.....@h..# ###<#
.#.# #....#########..# $
.#.# ###.## #...# .#.# ##.#
#..... .#.####..# ........
...##...## .........
...#..### ......... .....##
.......... ...###


You could see a hound.

Vanquished Creatures
  Grinder (D:3)
  Eustachio (D:4)
  An ogre (D:5)
  A phantom (D:5)
  A hound (D:4)
  3 iguanas
  Natasha (D:3)
  4 gnolls (D:5)
  2 adders (D:5)
  An ufetubus (D:5)
  2 dart slugs
  4 orcs
  4 bats
  An endoplasm (D:1)
  A hobgoblin (D:1)
  4 quokkas
  2 ball pythons (D:2)
  A frilled lizard (D:3)
  7 goblins
  A kobold (D:3)
43 creatures vanquished.

Notes
Turn   | Place    | Note
-------+----------+-------------------------------------------
     0 | D:1      | ChrisAssaf the Human Reaver began the quest for the Orb.
     0 | D:1      | Reached XP level 1. HP: 16/16 MP: 3/3
     1 | D:1      | Noticed an iron dragon
     3 | D:1      | Noticed an ice dragon
     3 | D:1      | Noticed a shadow dragon
     5 | D:1      | Noticed an orb of fire
     8 | D:1      | Noticed a large abomination
    10 | D:1      | Noticed a tentacled monstrosity
    12 | D:1      | Noticed a tentacled monstrosity
    12 | D:1      | Noticed a large abomination
    13 | D:1      | Noticed a tentacled monstrosity
    15 | D:1      | Noticed an iron dragon
    15 | D:1      | Noticed an ice dragon
    17 | D:1      | Noticed an ice dragon
    17 | D:1      | Noticed an orb of fire
    19 | D:1      | Noticed a tentacled monstrosity
    19 | D:1      | Noticed a shadow dragon
    23 | D:1      | Noticed an iron dragon
    80 | D:1      | Reached XP level 2. HP: 5/20 MP: 3/5
   146 | D:1      | Learned a level 2 spell: Momentum Strike
   728 | D:3      | Reached XP level 3. HP: 27/27 MP: 6/6
   728 | D:3      | Found a radiant altar of Vehumet.
   781 | D:3      | Noticed Natasha
   853 | D:3      | Noticed Grinder
   861 | D:3      | Paralysed by Grinder for 3 turns
   864 | D:3      | Killed Grinder
   865 | D:3      | Reached skill level 1 in Armour
   865 | D:3      | Reached skill level 1 in Stealth
   865 | D:3      | Reached skill level 1 in Necromancy
   865 | D:3      | Reached skill level 1 in Translocations
   865 | D:3      | Reached skill level 1 in Evocations
   865 | D:3      | Reached XP level 4. HP: 11/34 MP: 3/7
   865 | D:3      | Reached XP level 5. HP: 12/39 MP: 3/8
   865 | D:3      | Reached XP level 6. HP: 14/46 MP: 3/9
  1110 | D:2      | Learned a level 3 spell: Hailstorm
  1135 | D:3      | Killed Natasha
  1260 | D:4      | Found an opulent altar of Gozag.
  1260 | D:4      | Found a sparkling altar of Nemelex Xobeh.
  1292 | D:4      | Became a worshipper of Gozag Ym Sagoz the Greedy
  1360 | D:4      | Noticed Eustachio
  1395 | D:4      | Killed Eustachio
  1396 | D:4      | Reached XP level 7. HP: 34/46 MP: 1/10
  1451 | D:5      | Entered Level 5 of the Dungeon
  1685 | D:5      | Reached skill level 1 in Ice Magic
  1724 | D:5      | Learned a level 4 spell: Dispel Undead
  1730 | D:5      | Found a staircase to the Ecumenical Temple.
  2045 | D:5      | Reached XP level 8. HP: 10/45 MP: 9/12
  2052 | D:5      | HP: 2/45 [hound (4)]
  2052 | D:5      | Slain by a hound

Illustrated notes

Levels and vault maps discovered:
D:1:      shiori_arrival_whats_in_store_for_you, layout_basic
D:2:      layout_basic, minmay_quantized
D:3:      layout_rooms, nicolae_vehumet_radiance, moated_statue, uniq_robin,
          uniq_grinder, uniq_natasha
D:4:      cheibrodos_fertilizer, layout_basic, grunt_temple_overflow_opulence,
          lemuel_round_altar, grunt_temple_overflow_open, uniq_pikel,
          uniq_eustachio
D:5:      layout_rooms, temple_doors_e

Skill      XL: |  1  2  3  4  5  6  7 |
---------------+----------------------+-----
Armour         | 1 2 |  2.7
Stealth        | 1 2 |  2.2
Necromancy     | 1 2 |  2.0
Translocations | 1 2 |  2.1
Evocations     | 1 |  1.7
Dodging        | 3 |  3.2
Ice Magic      | 1 |  1.3
Spellcasting   | 3 |  3.0
Fighting       | |  2.9
Short Blades   | |  3.9
Conjurations   | |  3.9

Action                     |  1- 3 |  4- 6 |  7- 9 || total
---------------------------+-------+-------+-------++-------
  Melee: Short sword       |    61 |    25 |    29 ||   115
         Punch             |     1 |       |       ||     1
   Cast: Kiss of Death     |     2 |     3 |     2 ||     7
         Momentum Strike   |     7 |     8 |    11 ||    26
         Hailstorm         |       |       |     1 ||     1
  Evoke: Wand              |     3 |     5 |    16 ||    24
    Use: Scroll            |     1 |     2 |     3 ||     6
         Potion            |       |     2 |     1 ||     3
 Armour: Leather armour    |    20 |     3 |       ||    23
         Ring mail         |       |     7 |    11 ||    18
  Dodge: Dodged            |    43 |    23 |    35 ||   101
